 Dungeon Crawl Stone Soup version 0.21-a0-404-g291f19a (webtiles) character file.

404 Hasart the Digger (level 6, 0/32 HPs)
             Began as a Deep Elf Earth Elementalist on Oct 30, 2017.
             Slain by a phantom (5 damage)
             ... on level 4 of the Dungeon.
             The game lasted 00:09:20 (4887 turns).

Hasart the Digger (Deep Elf Earth Elementalist)     Turns: 4887, Time: 00:09:20

Health: 0/32       AC:  4    Str:  3 (5)  XL:     6   Next: 56%
Magic:  11/18      EV: 13    Int: 19 (22) God:
Gold:   175        SH:  0    Dex: 14 (15) Spells: 6/15 levels left

rFire    . . .     SeeInvis .   p - +0 rapier
rCold    . . .     Gourm    .   (no shield)
rNeg     . . .     Faith    .   c - +0 robe
rPois    .         Spirit   .   (no helmet)
rElec    .         Reflect  .   (no cloak)
rCorr    .         Harm     .   m - +0 pair of gloves
MR       .....                  (no boots)
Stlth    ++........             (no amulet)
HPRegen  0.10/turn              x - ring of flight
MPRegen  0.16/turn              t - ring of wizardry

@: very slightly contaminated
A: rugged brown scales 1, high mp 2, wild magic 1
a: Evoke Flight


You were on level 4 of the Dungeon.
You were not hungry.

You visited 1 branch of the dungeon, and saw 4 of its levels.

You collected 175 gold pieces.

Inventory:

Hand Weapons
 n - a +0 whip of pain
 p - a +0 rapier (weapon)
Missiles
 b - 11 stones (quivered)
Armour
 c - a +0 robe (worn)
 m - a +0 pair of gloves (worn)
Jewellery
 l - an uncursed ring of resist corrosion
 t - a ring of wizardry (right hand)
 x - a ring of flight (left hand)
Wands
 B - a wand of acid (7/15)
Scrolls
 f - 2 scrolls of teleportation {unknown}
 g - 3 scrolls of remove curse {unknown}
 j - 3 scrolls of identify {unknown}
 o - a scroll of amnesia {unknown}
 r - a scroll of noise {unknown}
 s - a scroll of immolation {unknown}
 w - 2 scrolls of blinking {unknown}
 y - a scroll of enchant armour {unknown}
Potions
 k - 2 potions of mutation
 v - a potion of degeneration
Books
 e - a book of Geomancy

   Spells                             Type                      Level
   a - Sandblast                      Earth                        1
   b - Passwall                       Transmutation/Earth          2
   c - Stone Arrow                    Conjuration/Earth            3
   d - Petrify                        Transmutation/Earth          4
   e - Lee's Rapid Deconstruction     Earth                        5
 i - a book of Minor Magic

   Spells                             Type                      Level
   a - Magic Dart                     Conjuration                  1
   b - Blink                          Translocation                2
   c - Call Imp                       Summoning                    2
   d - Slow                           Hexes                        2
   e - Conjure Flame                  Conjuration/Fire             3
   f - Mephitic Cloud                 Conjuration/Poison/Air       3
Comestibles
 a - a royal jelly
 d - 3 bread rations
 h - 2 meat rations


   Skills:
 - Level 2.4 Dodging
 - Level 2.4 Stealth
 + Level 5.1 Spellcasting
 + Level 1.7 Conjurations
 + Level 1.8 Translocations
   Level 1.1 Transmutations
 + Level 1.5 Air Magic
 * Level 5.9 Earth Magic
 + Level 1.9 Poison Magic


You had 6 spell levels left.
You knew the following spells:

 Your Spells              Type           Power        Failure   Level  Hunger
a - Sandblast             Erth           #####.       1%          1    None
b - Stone Arrow           Conj/Erth      ####..       4%          3    ##.....
c - Blink                 Tloc           N/A          5%          2    #......
d - Mephitic Cloud        Conj/Pois/Air  ###.....     11%         3    ##.....


Dungeon Overview and Level Annotations

Branches:
Dungeon (4/15)
 Temple: D:4-7

Altars:
Qazlal


Innate Abilities, Weirdness & Mutations

You are partially covered in rugged brown scales. (AC +1, +3% HP)
You have a considerably increased reservoir of magic. (+20% MP)
Your spells are a little harder to cast, but a little more powerful.


Message History

The phantom is heavily damaged.
b - 12 stones
Casting: Sandblast
Confirm with . or Enter, or press ? or * to list all spells.
Aiming: Stone Arrow
Press: ? - help, Shift-Dir - straight line, f/p - phantom
Aim: a phantom (heavily damaged)
You miscast Stone Arrow.
You are very lightly contaminated with residual magic.
You feel a surge of energy from the ground.
Casting: Stone Arrow
Confirm with . or Enter, or press ? or * to list all spells.
Aiming: Sandblast
Press: ? - help, Shift-Dir - straight line, f/p - phantom
Aim: a phantom (heavily damaged)
The blast of sand hits the phantom.
The phantom is severely damaged.
b - 11 stones The phantom hits you.
You die...

+.......# #.......#
#.......# #.......#.
##.....###
#+#########+####.....###
......<.................
...................†....
.......@W...............
........................
.....########.##....#..#
#### ###...##.##....####
#.....'.........#
.....#.........# ....
#.........# ###
###########


You could see a phantom.

Vanquished Creatures
  2 jellies (D:3)
  2 orc priests (D:3)
  2 worker ants (D:4)
  8 adders
  4 gnolls (D:3)
  9 oozes
  3 worms
  4 leopard geckos
  5 orcs (D:3)
  4 giant cockroaches
  4 goblins
  4 hobgoblins
  2 jackals (D:1)
  12 kobolds
  2 quokkas
  5 bats
  4 frilled lizards
  9 rats
85 creatures vanquished.

Vanquished Creatures (others)
  4 fungi (D:3)
  9 toadstools (D:3)
13 creatures vanquished.

Grand Total: 98 creatures vanquished

Notes
Turn   | Place    | Note
-------+----------+-------------------------------------------
     0 | D:1      | Hasart the Deep Elf Earth Elementalist began the quest for the Orb.
     0 | D:1      | Reached XP level 1. HP: 10/10 MP: 6/6
   384 | D:1      | Reached XP level 2. HP: 15/15 MP: 4/8
  2009 | D:2      | Reached XP level 3. HP: 15/19 MP: 8/10
  2283 | D:2      | Reached XP level 4. HP: 24/24 MP: 9/12
  2380 | D:2      | Found a stormy altar of Qazlal.
  2466 | D:2      | Reached skill level 5 in Earth Magic
  2471 | D:2      | Learned a level 3 spell: Stone Arrow
  2738 | D:3      | Learned a level 2 spell: Blink
  2742 | D:3      | Learned a level 3 spell: Mephitic Cloud
  3689 | D:3      | Reached XP level 5. HP: 21/28 MP: 10/13
  3766 | D:3      | Reached skill level 1 in Poison Magic
  3776 | D:3      | Reached skill level 1 in Conjurations
  3776 | D:3      | Reached skill level 1 in Translocations
  3776 | D:3      | Reached skill level 1 in Air Magic
  4203 | D:3      | Reached XP level 6. HP: 31/32 MP: 10/15
  4335 | D:3      | Reached skill level 5 in Spellcasting
  4663 | D:4      | Gained mutation: You have an increased reservoir of magic. (+10% MP) [potion of mutation]
  4663 | D:4      | Gained mutation: You are partially covered in rugged brown scales. (AC +1, +3% HP) [potion of mutation]
  4663 | D:4      | Gained mutation: You have a considerably increased reservoir of magic. (+20% MP) [potion of mutation]
  4663 | D:4      | Gained mutation: Your spells are a little harder to cast, but a little more powerful. [potion of mutation]
  4690 | D:4      | HP: 2/48 [poisoned by a worker ant]
  4887 | D:4      | Slain by a phantom

Vault maps used:
D:1:      sevenhm_arrival_forest_fort_small_4
D:2:      kennysheep_minor_cross, grunt_qazlal_sundering
D:3:      cheibrodos_fertilizer, first_bread, minmay_misc_feat_roman
D:4:      nemelex_xobeh_ov_fountains_minmay, kennysheep_mini_moat,
          enter_ossuary_3, grunt_dithmenos_shadows

Skill      XL: |  1  2  3  4  5  6 |
---------------+-------------------+-----
Earth Magic    | 4 5 |  5.9
Spellcasting   | 4 5 |  5.1
Poison Magic   | 1 |  1.9
Conjurations   | 1 |  1.7
Translocations | 1 |  1.8
Air Magic      | 1 |  1.5
Dodging        | |  2.4
Stealth        | |  2.4
Transmutations | |  1.1

Action                   |  1- 3 |  4- 6 || total
-------------------------+-------+-------++-------
Melee: Unarmed           |    47 |       ||    47
       Dagger            |    73 |       ||    73
       Whip              |     8 |    74 ||    82
 Cast: Sandblast         |    31 |    76 ||   107
       Stone Arrow       |       |    11 ||    11
  Use: Potion            |       |     7 ||     7
 Stab: Sleeping          |     4 |     1 ||     5
       Distracted        |       |     2 ||     2
  Eat: Chunk             |     4 |     9 ||    13
Armor: Robe              |    37 |    24 ||    61
Dodge: Dodged            |   110 |    83 ||   193

Table legend:
 A = Spawn XP
 B = Non-spawn XP
 C = Spawn XP percentage of total XP
 D = Spawn monster count
 E = Non-spawn monster count
 F = Spawn count percentage of total count
 G = Total turns spent on level
                    A         B        C        D         E        F      G
               +---------+---------+-------+---------+---------+-------+---------
         Total |       0 |     578 |   0.0 |       0 |      85 |   0.0 |  4887
               +---------+---------+-------+---------+---------+-------+---------
           D:1 |       0 |      32 |   0.0 |       0 |      16 |   0.0 |  1827
           D:2 |       0 |      97 |   0.0 |       0 |      18 |   0.0 |   844
           D:3 |       0 |     378 |   0.0 |       0 |      48 |   0.0 |  1932
           D:4 |       0 |      71 |   0.0 |       0 |       3 |   0.0 |   284
               +---------+---------+-------+---------+---------+-------+---------
